 Dungeon Crawl Stone Soup version 0.24-a0-439-g6dd8730de2 (webtiles) character file.

Game seed: 4183518361581802733

188 KristoblXynda the Slasher (level 5, -1/45 HPs)
             Began as a Draconian Gladiator on June 18, 2019.
             Slain by a gnoll
             ... wielding a +0 spear
              (11 damage)
             ... on level 3 of the Dungeon.
             The game lasted 00:02:59 (2343 turns).

KristoblXynda the Slasher (Draconian Gladiator)     Turns: 2343, Time: 00:02:59

Health: -1/45      AC:  6    Str: 15 (16) XL:     5   Next: 39%
Magic:  14/14      EV: 13    Int:  9      God:
Gold:   95         SH:  0    Dex: 13      Spells: 4/4 levels left

rFire    . . .     SeeInvis .   a - +0 long sword
rCold    . . .     Gourm    .   (no shield)
rNeg     . . .     Faith    .   (armour unavailable)
rPois    .         Spirit   .   b - +0 hat
rElec    .         Reflect  .   (no cloak)
rCorr    .         Harm     .   (no gloves)
MR       .....                  h - +0 pair of boots
Stlth    +.........             (no amulet)
HPRegen  0.15/turn              n - ring of magical power
MPRegen  0.14/turn              (no ring)

@: no status effects
A: unfitting armour, cold-blooded, AC +5
a: no special abilities


You were on level 3 of the Dungeon.
You were not hungry.

You visited 1 branch of the dungeon, and saw 3 of its levels.

You collected 95 gold pieces.

Inventory:

Hand Weapons
 a - a +0 long sword (weapon)
Missiles
 c - 3 throwing nets (quivered)
Armour
 b - a +0 hat (worn)
 h - a +0 pair of boots (worn)
Jewellery
 n - a ring of magical power (left hand)
Scrolls
 e - a scroll of teleportation {unknown}
 g - 4 scrolls of identify
 i - 2 scrolls of fear
 j - 2 scrolls of remove curse {unknown}
 l - a scroll of immolation {unknown}
Potions
 f - a potion of lignification {unknown}
 k - a potion of agility {unknown}
Comestibles
 d - 4 rations


   Skills:
 + Level 3.6 Fighting
 * Level 4.6 Long Blades
 - Level 2.1 Throwing
 + Level 3.6 Dodging


You had 4 spell levels left.
You didn't know any spells.
Your spell library was empty.

Dungeon Overview and Level Annotations

Branches:
Dungeon (3/15)

Altars:
Makhleb
Nemelex Xobeh
Sif Muna


Innate Abilities, Weirdness & Mutations

Your plain brown scales are hard. (AC +5)
You cannot fit into any form of body armour.
You are cold-blooded and may be slowed by cold attacks.


Message History

The gnoll closely misses you. The gnoll hits you with a +4 spear.
You hit the gnoll.
You kill the gnoll!
You feel your intelligence returning. The gnoll completely misses you.
You riposte.
You completely miss the gnoll. You hit the gnoll.
The gnoll is moderately wounded.
The gnoll hits you but does no damage.
You hit the gnoll.
The gnoll is almost dead.
The gnoll hits you with a +0 spear. x2
* * * LOW HITPOINT WARNING * * *
You hit the gnoll but do no damage.
You tail-slap the gnoll, but do no damage.
The gnoll is almost dead.
The gnoll misses you.
You closely miss the gnoll.
Your tail-slap misses the gnoll.
The gnoll is almost dead.
The gnoll hits you with a +0 spear!
You die...

#g# #g# #.# #.#
##########.#
#....gg.og.#
#.#######..## ..#
####.#######...##
#.#
#<@g............#
#.#
#.#).....##....####
#.#
#.#...##...........
#.#
#.#[..#####...####
#.# #.............#
##.#
###...........##
#..#
####.########.รท.##
###.## #....#
##.....##
##.#.##### #.##.##
##.......##


You could see a gnoll.

Vanquished Creatures
  An orc priest (D:2)
  An orc wizard (D:3)
  5 gnolls
  3 adders
  An ooze (D:1)
  2 dart slugs
  3 orcs (D:3)
  2 ball pythons
  3 bats
  6 giant cockroaches
  4 goblins
  8 hobgoblins
  3 kobolds
  3 frilled lizards
  3 rats (D:3)
48 creatures vanquished.

Notes
Turn   | Place    | Note
-------+----------+-------------------------------------------
     0 | D:1      | KristoblXynda the Draconian Gladiator began the quest for
                  | the Orb.
     0 | D:1      | Reached XP level 1. HP: 17/17 MP: 1/1
   206 | D:1      | Reached XP level 2. HP: 23/25 MP: 2/2
   477 | D:2      | Reached XP level 3. HP: 29/30 MP: 3/3
   514 | D:2      | Found a deep blue altar of Sif Muna.
   559 | D:2      | Found a burning altar of Makhleb.
   672 | D:2      | Found a sparkling altar of Nemelex Xobeh.
  1281 | D:3      | Reached XP level 4. HP: 34/38 MP: 4/4
  1334 | D:2      | HP: 1/38 [orc priest/+0 dagger (5)]
  1335 | D:2      | Reached skill level 4 in Long Blades
  1805 | D:3      | Reached XP level 5. HP: 40/45 MP: 5/5
  2343 | D:3      | Slain by a gnoll

Levels and vault maps discovered:
D:1:      mrwooster_arrival_statue_2, layout_basic
D:2:      kennysheep_big_flooded_room, layout_basic,
          nicolae_overflow_crystal_walls, nemelex_xobeh_ov_fountains_minmay,
          led_sif_pool, first_ration
D:3:      layout_loops_corners

Skill      XL: |  1  2  3  4 |
---------------+-------------+-----
Throwing       | 2 |  2.1
Dodging        | 3 |  3.6
Fighting       | 3 |  3.6
Long Blades    | 4 |  4.6

Action                   |  1- 3 |  4- 6 || total
-------------------------+-------+-------++-------
Melee: Long sword        |    73 |    67 ||   140
       Tailslap          |    11 |     6 ||    17
  Use: Potion            |       |     3 ||     3
       Scroll            |       |     1 ||     1
 Stab: Sleeping          |       |     1 ||     1
  Eat: Chunk             |     1 |       ||     1
       Ration            |       |     1 ||     1
Armor: Skin              |    13 |    20 ||    33
Dodge: Dodged            |    65 |    60 ||   125
       Rpst.: Long sword |    22 |    25 ||    47

Table legend:
 A = Non-vault XP
 B = Vault XP
 C = Vault XP percentage of total XP
 D = Non-vault monster count
 E = Vault monster count
 F = Vault count percentage of total count
                 A         B        C        D         E       F
            +---------+---------+-------+---------+---------+-------
      Total |     266 |       3 |   1.1 |      46 |       2 |   4.2
            +---------+---------+-------+---------+---------+-------
        D:1 |      38 |       0 |   0.0 |      17 |       0 |   0.0
        D:2 |      93 |       3 |   3.1 |       9 |       2 |  18.2
        D:3 |     135 |       0 |   0.0 |      20 |       0 |   0.0
            +---------+---------+-------+---------+---------+-------
